 Dungeon Crawl Stone Soup version 0.31-a0-986-g5e6e4ef867 (webtiles) character file.

Game seed: 6019350845631051731

140 porpoise the Vexing (level 5, 0/35 HPs)
             Began as a Demonspawn Enchanter on Nov 6, 2023.
             Killed from afar by an orc wizard (7 damage)
             ... with a magic dart
             ... on level 4 of the Dungeon.
             The game lasted 00:13:39 (2684 turns).

porpoise the Vexing (Demonspawn Enchanter)          Turns: 2684, Time: 00:13:40

Health: 0/35       AC:  3    Str:  8    XL:     5   Next: 2%
Magic:  3/8        EV: 11    Int: 20    God:
Gold:   91         SH:  6    Dex: 14    Spells: 3/8 levels left

rFire   + . .        a - +2 dagger
rCold   + . .        d - +2 buckler
rNeg    . . .        b - +1 robe
rPois   +            (no helmet)
rElec   +            (no cloak)
rCorr   +            (no gloves)
SInv    .            (no boots)
Will    .....        (no amulet)
Stlth   ++           (no ring)
HPRegen 0.25/turn    (no ring)
MPRegen 0.11/turn

%: no passive effects
@: about to teleport, resistant
A: ignite blood 1, big brain 1
a: no special abilities


You were on level 4 of the Dungeon.
You visited 1 branch of the dungeon, and saw 4 of its levels.

You collected 234 gold pieces.
You spent 143 gold pieces at shops.

Inventory:

Hand Weapons
 a - a +2 dagger (weapon)
Missiles
 r - 3 poisoned darts (quivered)
Armour
 b - a +1 robe (worn)
 d - a +2 buckler (worn)
Jewellery
 m - a ring of fire
Wands
 i - a wand of mindburst (14)
Scrolls
 h - 2 scrolls of identify
 k - a scroll of fog
 p - a scroll of acquirement
Potions
 c - a potion of invisibility
 f - 2 potions of attraction
 g - a potion of curing
 n - a potion of lignification
 q - a potion of cancellation


   Skills:
 + Level 2.4 Short Blades
 - Level 1.7 Dodging
 - Level 2.6 Stealth
 - Level 2.3 Spellcasting
 * Level 4.3 Hexes
 + Level 1.6 Ice Magic


You had 3 spell levels left.
You knew the following spells:

 Your Spells              Type           Power      Damage    Failure   Level
a - Confusing Touch       Hex            19%        N/A       12%         3
e - Ensorcelled Hibernat  Hex/Ice        28%        N/A       11%         2

Your spell library contained the following spells:

 Spells                   Type           Power      Damage    Failure   Level
 Tukima's Dance           Hex            19%        N/A       12%         3
 Dazzling Flash           Conj/Hex       22%        N/A       30%         3
 Sublimation of Blood     Necr           2%         N/A       36%         2
 Mephitic Cloud           Conj/Pois/Air  2%         N/A       58%         3
 Flame Wave               Conj/Fire      2%         2d4       94%         4
 Petrify                  Tmut/Erth      2%         N/A       94%         4
 Irradiate                Conj/Tmut      1%         3d12      100%        5
 Polar Vortex             Ice            4%         N/A       100%        9


Dungeon Overview and Level Annotations

Branches:
Dungeon (4/15)
 Temple: D:4-7

Altars:

Shops:
D:4 !

Annotations:
D:3 2 transporters, Lobster4's ghost, amateur MiHu
D:4 Pikel


Innate Abilities, Weirdness & Mutations

Your demonic aura sometimes causes spilled blood to erupt in flames.
You have an unusually large brain. (Int +2)


Message History

The helpless orc priest fails to defend itself.
You puncture the orc priest!
The orc priest is almost dead.
The orc priest barely misses you.
The orc wizard hits you with a +0 dagger.
You block the worm's attack.
You hit the orc priest.
You kill the orc priest!
The orc wizard gestures at you while chanting.
The magic dart hits you!
* * * LOW HITPOINT WARNING * * *
The worm misses you.
You have reached level 5!
As you read the scroll labelled KAIT MUEKOPH, it crumbles to dust.
It is a scroll of enchant weapon.
Your +1 dagger glows red for a moment.
The orc wizard hits you with a +0 dagger.
* * * LOW HITPOINT WARNING * * *
The air fills with toxic fumes!
As you read the scroll labelled TILIUH WAMOE, it crumbles to dust.
It was a scroll of poison.
The orc wizard mumbles some strange words.
The orc wizard flickers and vanishes!
Deactivating autopickup; reactivate with Ctrl-A.
The worm barely misses you.
As you read the scroll labelled INUSCH HAMELAT, it crumbles to dust.
You feel strangely unstable.
It was a scroll of teleportation.
Something hits you but does no damage.
As you read the scroll labelled NOMAEKLOLEU, it crumbles to dust.
It is a scroll of enchant armour.
Your +0 robe glows green for a moment.
Something hits you.
* * * LOW HITPOINT WARNING * * *
The worm barely misses you.
This is a scroll of acquirement!
It was a potion of resistance.
You feel protected.
You hear some strange, mumbled words.
A magic dart appears from out of thin air!
The magic dart hits you!
You die...

#...#
#§§§#
######§§§#
#§§§§§§§§#
#§§§§§§§§#
#§§§§§§§##
#§§§§§§§#
#§§§§§w§#
#####§{@#
#§§§§§§§#
#§§§§§§§#
#§§§§§§§§
#§§§§§§§§
#####§§§§§
#§§§§§
#§§§§§#


You could see a worm.

Vanquished Creatures
  A lemure (D:3)
  A hound (D:4)
  An orc priest (D:4)
  3 adders
  An orc (D:3)
  10 endoplasms
  3 giant cockroaches
  6 goblins
  2 hobgoblins
  4 kobolds
  A quokka (D:2)
  5 ball pythons
  7 bats
  4 frilled lizards
  5 rats
54 creatures vanquished.

Notes
Turn   | Place    | Note
-------+----------+-------------------------------------------
     0 | D:1      | porpoise the Demonspawn Enchanter began the quest for the
                  | Orb.
     0 | D:1      | Reached XP level 1. HP: 13/13 MP: 3/3
    27 | D:1      | Reached skill level 1 in Short Blades
   170 | D:1      | Gained mutation: You have an unusually large brain. (Int
                  | +2) [demonic ancestry]
   170 | D:1      | Reached XP level 2. HP: 19/19 MP: 5/5
   581 | D:1      | Learned a level 2 spell: Ensorcelled Hibernation
   672 | D:2      | Gained mutation: Your demonic aura sometimes causes spilled
                  | blood to erupt in flames. [demonic ancestry]
   672 | D:2      | Reached XP level 3. HP: 24/24 MP: 3/6
   676 | D:2      | Learned a level 3 spell: Confusing Touch
  1083 | D:2      | Found a faded altar of an unknown god.
  1198 | D:3      | Identified the "Tetaedghu"
  1264 | D:3      | Found a transporter.
  1268 | D:3      | Noticed Lobster4's ghost (amateur MiHu)
  1483 | D:3      | Reached skill level 1 in Ice Magic
  1649 | D:3      | Found a transporter.
  1654 | D:3      | Reached XP level 4. HP: 30/30 MP: 7/7
  2057 | D:4      | Found Guapp's Distillery.
  2062 | D:4      | Bought a potion of cancellation for 104 gold pieces
  2062 | D:4      | Bought a potion of curing for 39 gold pieces
  2347 | D:4      | Noticed a lemure
  2347 | D:4      | Noticed a lemure
  2348 | D:4      | Noticed Pikel
  2363 | D:4      | Reached skill level 4 in Hexes
  2364 | D:4      | Noticed a lemure
  2366 | D:4      | Noticed a lemure
  2401 | D:3      | Killed a lemure
  2680 | D:4      | Reached XP level 5. HP: 8/35 MP: 3/8
  2684 | D:4      | Identified a scroll of acquirement
  2684 | D:4      | Identified the "Fuklad" (You acquired it on level 4 of the
                  | Dungeon)
  2684 | D:4      | Killed from afar by an orc wizard

Illustrated notes

Levels and vault maps discovered:
D:1:      dpeg_arrival_ternary, layout_rooms
D:2:      layout_basic, dreamdust_ecumenical_altar_statues,
          corexii_hall_statues_x, st_stairs_10,
          wander_ebering_terrifying_dragon_lair
D:3:      minmay_angry_zag, layout_loops_ring, gammafunk_ghost_arena
D:4:      layout_basic, tgw_trog, serial_shops, nicolae_stop_n_shop_2,
          serial_bayou_lake_a, uniq_pikel

Skill      XL: |  1  2  3  4 |
---------------+-------------+-----
Short Blades   | 1 2 |  2.4
Ice Magic      | 1 |  1.6
Hexes          | 4 |  4.3
Dodging        | |  1.7
Stealth        | |  2.6
Spellcasting   | |  2.3

Action                     |  1- 3 |  4- 6 || total
---------------------------+-------+-------++-------
  Melee: Dagger            |   156 |    51 ||   207
  Throw: Dart              |       |     5 ||     5
   Cast: Ensorcelled Hiber |     1 |     5 ||     6
  Evoke: Wand              |       |     1 ||     1
    Use: Potion            |     2 |     4 ||     6
         Scroll            |     1 |     8 ||     9
   Stab: Sleeping          |    11 |     5 ||    16
 Armour: Robe              |    63 |    24 ||    87
  Dodge: Dodged            |    75 |    39 ||   114
  Block: Buckler           |    44 |    16 ||    60

Table legend: (Time is in decaauts)
 A = Elapsed time spent in this place.
 B = Non-inter-level travel time spent in this place.
 C = Inter-level travel time spent in this place.
 D = Time resting spent in this place.
 E = Time spent auto-exploring this place.
 F = Levels seen in this place.
 G = Mean time per level.
                   A        B        C        D        E       F      G
               +--------+--------+--------+--------+--------+-----+--------+
         Total |   2647 |   2536 |    111 |    600 |   1357 |   4 |  661.8 |
       Dungeon |   2647 |   2536 |    111 |    600 |   1357 |   4 |  661.8 |
               +--------+--------+--------+--------+--------+-----+--------+

Top non-repeatable levels by time:
     D:3: 1124 daAuts
     D:1: 598 daAuts
     D:2: 580 daAuts
     D:4: 344 daAuts
